 Dungeon Crawl Stone Soup version 0.31.0-4-g52a2dc7128 (webtiles) character file.

Game seed: 16565227549943248577

46802 ymhsbmbesitwf the Eclecticist (level 14, 0/94 HPs)
             Began as a Djinni Ice Elementalist on Jan 21, 2024.
             Was a High Priest of the Shining One.
             Slain by a death yak (22 damage)
             ... on level 5 of the Lair of Beasts.
             The game lasted 01:14:14 (17654 turns).

ymhsbmbesitwf the Eclecticist (DjIE)               Turns: 17654, Time: 01:14:17

Health: 0/94       AC: 15    Str:  7    XL:     14   Next: 78%
Gold:   601        EV: 18    Int: 24    God:    the Shining One [*****.] SH: 10 Dex: 15

rFire   + + +        q - staff of fire
rCold   . . .        J - +0 kite shield
rNeg    + + .        r - +2 robe {rC+}
rPois   ∞            f - +1 helmet {Int+3}
rElec   +            x - +2 cloak
rCorr   .            R - +0 pair of gloves
SInv    +            (boots unavailable)
Will    +....        F - amulet of the acrobat
Stlth   +            l - +5 ring of evasion
HPRegen 0.35/turn    L - ring of Peehyiz {rElec AC+4 SInv}
MPRegen 0.00/turn

%: acrobat, infuse magic (-1 HP)
@: freezing walls, flying, glowing
A: sickness immunity, fire resistance 2, cold vulnerability 1, float, innate
caster, HP casting, extra vitality 1
a: Renounce Religion, Divine Shield, Cleansing Flame, Summon Divine Warrior


You were on level 5 of the Lair of Beasts.
You worshipped the Shining One.
The Shining One was extremely pleased with you.
You visited 3 branches of the dungeon, and saw 16 of its levels.
You visited the Abyss 1 time.

You collected 781 gold pieces.
You spent 180 gold pieces at shops.

Inventory:

Hand Weapons
 a - a +4 trident of protection
Missiles
 j - a throwing net
Armour
 f - a +1 helmet of intelligence (worn)
 k - a +2 robe of willpower
 r - a +2 robe of cold resistance (worn)
 x - a +2 cloak (worn)
 H - a +2 plate armour of positive energy
 J - a +0 kite shield (worn)
 R - a +0 pair of gloves (worn)
Magical Staves
 q - a staff of fire (weapon)
Jewellery
 h - a +6 ring of strength
 l - a +5 ring of evasion (left hand)
 o - a +6 ring of dexterity
 w - a ring of positive energy
 F - an amulet of the acrobat (around neck)
 I - a +4 ring of protection
 L - the ring of Peehyiz (right hand) {rElec AC+4 SInv}
   (You found it on level 3 of the Lair of Beasts)

   [ring of protection]

   AC+4:      It affects your AC (+4).
   rElec:     It insulates you from electricity.
   SInv:      It lets you see invisible.
Wands
 n - a wand of digging (5)
 t - a wand of polymorph (12)
 v - a wand of acid (21)
 y - a wand of paralysis (8)
 B - a wand of mindburst (11)
 M - a wand of flame (4)
Scrolls
 c - 3 scrolls of vulnerability
 d - 4 scrolls of silence {unknown}
 g - 3 scrolls of teleportation
 m - 4 scrolls of poison
 s - 3 scrolls of enchant weapon {unknown}
 u - a scroll of summoning {unknown}
 z - a scroll of enchant armour {unknown}
 D - 3 scrolls of fog {unknown}
 G - 3 scrolls of blinking {unknown}
 N - a scroll of torment {unknown}
 O - a scroll of immolation {unknown}
 P - a scroll of revelation {unknown}
Potions
 b - a potion of invisibility {unknown}
 e - a potion of attraction
 i - 2 potions of haste
 p - 7 potions of curing
 A - 3 potions of might
 C - a potion of lignification
 E - a potion of resistance
 K - 2 potions of mutation
 Q - a potion of heal wounds
 S - a potion of ambrosia {unknown}


   Skills:
 - Level 6.0 Fighting
 - Level 6.0 Armour
 + Level 7.6 Dodging
 - Level 2.0 Stealth
 - Level 7.0 Shields
 * Level 16.8 Spellcasting
 * Level 16.8 Conjurations
 * Level 16.8 Hexes
   Level 0.0 Charms
 * Level 16.8 Summonings
 * Level 16.8 Necromancy
 * Level 16.8 Translocations
   Level 0.0 Transmutations
 * Level 16.8 Fire Magic
 * Level 16.8 Ice Magic
 * Level 16.8 Air Magic
 * Level 16.8 Earth Magic
 * Level 16.8 Alchemy


You knew the following spells:

 Your Spells              Type           Power      Damage    Failure   Level
a - Freeze                Ice            100%       1d10      0%          1
b - Frozen Ramparts       Ice            100%       1d16      1%          3
c - Ozocubu's Armour      Ice            79%        N/A       1%          3
d - Summon Ice Beast      Ice/Summ       79%        N/A       1%          3
e - Kiss of Death         Conj/Necr      100%       2d13      0%          1
f - Momentum Strike       Conj/Tloc      100%       3d10      1%          2
g - Confusing Touch       Hex            79%        N/A       1%          3
h - Leda's Liquefaction   Alch/Erth      39%        N/A       1%          4
i - Iskenderun's Battles  Conj           79%        2d13      1%          5
j - Fireball              Conj/Fire      50%        3d20      1%          5
Your spell library was empty.

Dungeon Overview and Level Annotations

Branches:
Dungeon (10/15)            Temple (1/1) D:7            Lair (5/5) D:10
  Swamp (0/4) Lair:2        Snake (0/4) Lair:2        Slime (0/5) Lair:4
    Orc (0/2) D:10

Altars:
Ashenzari
Cheibriados
Dithmenos
Elyvilon
Fedhas
Gozag
Hepliaklqana
Makhleb
Nemelex Xobeh
Okawaru
Qazlal
Ru
Trog
Uskayaw
Wu Jian
Xom
Yredelemnul
Zin
The Shining One
Jiyva

Shops:
D:1 [   D:8 :   D:9 *   D:10 (

Portals:
Abyss: D:8

Annotations:
D:8 2 transporters, jt's ghost, novice TeDe


Innate Abilities, Weirdness & Mutations

You are immune to sickness and miasma.
You are immune to poison.
Your flesh is very heat resistant. (rF++)
You are vulnerable to cold. (rC-)
You float through the air rather than walking.
You learn spells naturally, not from books.
Your magical power is your life essence.
You have superior vitality. (+4 MHP)


Message History

The fireball engulfs the death yak!!
The death yak is severely wounded.
The fireball engulfs the death yak!!
The death yak is heavily wounded.
The fireball engulfs the death yak!!!
The death yak is heavily wounded.
The fireball engulfs the polar bear!!
The polar bear is severely wounded.
The fireball engulfs the death yak!!
The death yak is heavily wounded.
A nearby plant withers and dies.
The wall freezes the death yak but does no damage.
The death yak gores you but does no damage.
The wall freezes the death yak.
The wall freezes the death yak but does no damage.
Casting: Fireball (mildly dangerous; 1% risk of failure)
Confirm with . or Enter, or press ? or * to list all spells.
Aiming: Fireball (mildly dangerous; 1% risk of failure)
Press: ? - help, Shift-Dir - straight line You feel a surge of power!
The fireball explodes!
The fireball engulfs the death yak!!
The death yak is severely wounded.
The fireball engulfs you.
Your icy armour melts away.
You resist.
* * * LOW HITPOINT WARNING * * *
The fireball engulfs the death yak!!
The death yak is almost dead.
The fireball engulfs the death yak!
The death yak is almost dead.
The fireball engulfs the polar bear!
You kill the polar bear!
The fireball engulfs the death yak!!
The death yak is severely wounded.
* * * LOW HITPOINT WARNING * * *
Your battlesphere fires!
The barrage of energy hits the death yak!
You kill the death yak!
The wall freezes the death yak.
The death yak gores you!!
You die...

...........#......
...l..............
..................
.)..P...........P.....†.....
.....P.P.#...##.............
.....P.......####....#......
#..........#####†..........
##....P.......#..YY.........
##....#.....P...@†Y......###
.#.............*.###....##
.#..............## ######
.#..##.#....P####
.#..########## ##...##
##..#.# ##...## .....#


You could see 3 death yaks and a friendly battlesphere.

Vanquished Creatures
  The ghost of Xiemaice the Destroyer, a journeyman DrFE of Vehumet (Lair:3)
  Josephine (D:10)
  3 hydras
  Erolcha (D:10)
  12 death yaks
  Amaemon (D:10)
  2 skysharks (Lair:2)
  2 orc knights (D:10)
  An oklob plant (Lair:4)
  A salamander (Lair:2)
  6 black mambas
  12 elephants
  A torpor snail (Lair:2)
  11 cane toads
  A gargoyle (D:10)
  An orange demon (D:10)
  5 komodo dragons
  3 rime drakes
  A tyrant leech (Lair:2)
  3 raiju (Abyss:2)
  A hornet (D:8)
  6 polar bears
  7 dream sheep (Lair:3)
  11 blink frogs
  A slime creature (Lair:4)
  Sigmund (D:5)
  2 wyverns
  2 vampires
  4 basilisks
  31 yaks
  2 steam dragons
  5 wraiths (D:10)
  2 swamp worms (Lair:2)
  22 water moccasins
  An orc warrior (D:10)
  A black bear (D:5)
  A sky beast (Abyss:2)
  An ogre (D:3)
  2 centaurs
  4 wolves (Lair:2)
  A lemure (D:6)
  2 phantoms (D:5)
  11 bullfrogs
  A scorpion (D:5)
  A small abomination (Abyss:2)
  9 wights
  4 howler monkeys
  4 lava snakes (Lair:2)
  4 hounds
  4 jellies
  4 orc priests
  2 sleepcaps
  A gnoll bouda (D:4)
  6 iguanas
  6 orc wizards
  Ijyb (D:3)
  5 hell rats (Lair:5)
  5 gnolls
  10 adders
  A shadow imp (D:5)
  A white imp (D:4)
  2 ufetubi (Abyss:2)
  2 dart slugs
  14 orcs
  6 ball pythons
  5 bats
  9 endoplasms
  5 goblins
  7 hobgoblins
  2 jackals (D:3)
  8 kobolds
  2 quokkas
  2 frilled lizards (D:1)
  6 rats
329 creatures vanquished.

Vanquished Creatures (collateral kills)
  The ghost of PanSaczeczos the Skirmisher, a journeyman TeDe of Hepliaklqana (Lair:3)
  Pikel (D:6)
  A blink frog (Lair:1)
  A yak (D:8)
  A steam dragon (D:7)
  2 basilisks (Lair:2)
  A water moccasin (D:9)
  A sky beast (D:7)
  2 centaurs (D:7)
  A kobold brigand (D:6)
  A gnoll sergeant (D:9)
  4 wights
  A howler monkey (D:9)
  Crazy Yiuf (D:7)
  2 hounds (D:5)
  A jelly (D:4)
  An orc priest (D:8)
  3 sleepcaps
  3 orc wizards
  2 gnolls
  An adder (D:6)
  8 orcs
  2 kobolds (D:6)
42 creatures vanquished.

Grand Total: 371 creatures vanquished

Notes
Turn   | Place    | Note
-------+----------+-------------------------------------------
     0 | D:1      | ymhsbmbesitwf the Djinni Ice Elementalist began the quest
                  | for the Orb.
     0 | D:1      | ymhsbmbesitwf set off with the following spells memorised:
                  | Freeze, Frozen Ramparts, Ozocubu's Armour, Summon Ice
                  | Beast.
     0 | D:1      | Reached XP level 1. HP: 15/15 MP: 0/0
    96 | D:1      | Found Iwnaz's Antique Armour Shop.
   112 | D:1      | Reached XP level 2. HP: 22/22 MP: 0/0
   387 | D:1      | Reached XP level 3. HP: 24/26 MP: 0/0
   387 | D:1      | Learned a level 1 spell: Kiss of Death
   410 | D:1      | Reached skill level 1 in Fighting
   410 | D:1      | Reached skill level 1 in Armour
   856 | D:2      | Found a sacrificial altar of Ru.
  1581 | D:3      | Reached XP level 4. HP: 31/32 MP: 0/0
  1635 | D:3      | Noticed an ogre
  1643 | D:3      | Killed an ogre
  1644 | D:3      | Reached XP level 5. HP: 4/38 MP: 0/0
  1644 | D:3      | Learned a level 2 spell: Momentum Strike
  1928 | D:3      | Noticed Ijyb
  1938 | D:3      | Killed Ijyb
  2201 | D:3      | Reached XP level 6. HP: 38/43 MP: 0/0
  2555 | D:4      | Reached skill level 5 in Spellcasting
  2555 | D:4      | Reached skill level 5 in Conjurations
  2555 | D:4      | Reached skill level 5 in Hexes
  2555 | D:4      | Reached skill level 5 in Summonings
  2555 | D:4      | Reached skill level 5 in Necromancy
  2555 | D:4      | Reached skill level 5 in Translocations
  2555 | D:4      | Reached skill level 5 in Fire Magic
  2555 | D:4      | Reached skill level 5 in Ice Magic
  2555 | D:4      | Reached skill level 5 in Air Magic
  2555 | D:4      | Reached skill level 5 in Earth Magic
  2555 | D:4      | Reached skill level 5 in Alchemy
  2982 | D:4      | Reached XP level 7. HP: 39/49 MP: 0/0
  2982 | D:4      | Learned a level 3 spell: Confusing Touch
  3323 | D:5      | Entered Level 5 of the Dungeon
  3538 | D:5      | Noticed Sigmund
  3543 | D:5      | Killed Sigmund
  3544 | D:5      | Reached XP level 8. HP: 49/54 MP: 0/0
  3704 | D:5      | Found a glowing golden altar of the Shining One.
  3708 | D:5      | Became a worshipper of the Shining One
  4036 | D:5      | Found a snail-covered altar of Cheibriados.
  4036 | D:5      | Found a burning altar of Makhleb.
  4065 | D:5      | Found a faded altar of an unknown god.
  4067 | D:5      | Found a faded altar of an unknown god.
  4666 | D:6      | Reached XP level 9. HP: 50/60 MP: 0/0
  4666 | D:6      | Learned a level 4 spell: Leda's Liquefaction
  4881 | D:6      | Noticed Pikel
  4890 | D:6      | Killed Pikel
  5109 | D:6      | Found a hazy altar of Hepliaklqana.
  5175 | D:7      | Found a shimmering altar of Xom.
  5229 | D:7      | Found a staircase to the Ecumenical Temple.
  5239 | Temple   | Entered the Ecumenical Temple
  5328 | D:7      | Reached skill level 1 in Shields
  5553 | D:7      | Found a runed translucent door.
  5554 | D:7      | Noticed Crazy Yiuf
  5562 | D:7      | Killed Crazy Yiuf
  5987 | D:8      | Found a transporter.
  5989 | D:8      | Found a one-way gate to the infinite horrors of the Abyss.
  5989 | D:8      | Noticed jt's ghost (novice TeDe)
  5990 | D:8      | Noticed a large abomination
  6060 | D:8      | Reached * piety under the Shining One
  6072 | D:8      | Reached XP level 10. HP: 59/67 MP: 0/0
  6483 | D:8      | Reached skill level 10 in Spellcasting
  6483 | D:8      | Reached skill level 10 in Conjurations
  6483 | D:8      | Reached skill level 10 in Hexes
  6483 | D:8      | Reached skill level 10 in Summonings
  6483 | D:8      | Reached skill level 10 in Necromancy
  6483 | D:8      | Reached skill level 10 in Translocations
  6483 | D:8      | Reached skill level 10 in Fire Magic
  6483 | D:8      | Reached skill level 10 in Ice Magic
  6483 | D:8      | Reached skill level 10 in Air Magic
  6483 | D:8      | Reached skill level 10 in Earth Magic
  6483 | D:8      | Reached skill level 10 in Alchemy
  6935 | D:8      | Reached ** piety under the Shining One
  7064 | D:8      | Noticed a toenail golem
  7082 | D:8      | Found a transporter.
  7139 | D:8      | Found Nyimmo Woat's Book Boutique.
  7774 | D:9      | Found Xeschethro's General Store.
  7782 | D:9      | Bought a potion of degeneration for 14 gold pieces
  7782 | D:9      | Bought a scroll of noise for 14 gold pieces
  8369 | D:10     | Entered Level 10 of the Dungeon
  8383 | D:10     | Found Imerch's Weapon Boutique.
  8383 | D:10     | Found a staircase to the Orcish Mines.
  8383 | D:10     | Noticed an orc knight
  8384 | D:10     | Noticed an orc knight
  8390 | D:10     | Noticed Erolcha
  8394 | D:10     | Reached XP level 11. HP: 62/73 MP: 0/0
  8394 | D:10     | Learned a level 5 spell: Iskenderun's Battlesphere
  8397 | D:10     | Killed an orc knight
  8398 | D:10     | Reached skill level 5 in Dodging
  8409 | D:10     | Killed an orc knight
  8519 | Abyss:2  | Cast into level 2 of the Abyss (Erolcha)
  8572 | Abyss:2  | Reached skill level 5 in Fighting
  8572 | Abyss:2  | Reached skill level 5 in Shields
  8633 | Abyss:2  | Noticed a wretched star
  8665 | D:10     | Escaped the Abyss
  8669 | D:10     | Killed Erolcha
  8911 | D:10     | Reached *** piety under the Shining One
  8915 | D:10     | Noticed a death yak
  8917 | D:10     | Noticed a death yak
  8917 | D:10     | Noticed a death yak
  8933 | D:10     | Killed a death yak
  8939 | D:10     | Killed a death yak
  8947 | D:10     | Killed a death yak
  8994 | D:10     | Found a staircase to the Lair.
  9033 | D:10     | Reached XP level 12. HP: 67/81 MP: 0/0
  9181 | D:10     | Noticed Josephine
  9200 | D:10     | Killed Josephine
  9463 | D:10     | Noticed Amaemon
  9478 | D:10     | Killed Amaemon
  9863 | D:1      | Bought a glowing scarf for 152 gold pieces
 10039 | Lair:1   | Entered Level 1 of the Lair of Beasts
 10772 | Lair:1   | Reached **** piety under the Shining One
 11316 | Lair:2   | Noticed a skyshark
 11396 | Lair:2   | Noticed a death yak
 11418 | Lair:2   | Killed a death yak
 11531 | Lair:2   | Killed a skyshark
 11737 | Lair:2   | Found a white marble altar of Elyvilon.
 11816 | Lair:2   | Reached XP level 13. HP: 24/85 MP: 0/0
 11816 | Lair:2   | Learned a level 5 spell: Fireball
 12218 | Lair:2   | Reached skill level 15 in Spellcasting
 12218 | Lair:2   | Reached skill level 15 in Conjurations
 12218 | Lair:2   | Reached skill level 15 in Hexes
 12218 | Lair:2   | Reached skill level 15 in Summonings
 12218 | Lair:2   | Reached skill level 15 in Necromancy
 12218 | Lair:2   | Reached skill level 15 in Translocations
 12218 | Lair:2   | Reached skill level 15 in Fire Magic
 12218 | Lair:2   | Reached skill level 15 in Ice Magic
 12218 | Lair:2   | Reached skill level 15 in Air Magic
 12218 | Lair:2   | Reached skill level 15 in Earth Magic
 12218 | Lair:2   | Reached skill level 15 in Alchemy
 12603 | Lair:2   | Found the +8 whip "Snakebite" {venom, curare, rPois}
 12670 | Lair:2   | Found a staircase to the Snake Pit.
 12892 | Lair:2   | Noticed a seven-headed hydra
 12894 | Lair:2   | Found a staircase to the Swamp.
 12921 | Lair:2   | Killed a seven-headed hydra
 13987 | Lair:3   | Found a runed translucent gate.
 13988 | Lair:3   | Found a runed translucent gate.
 13989 | Lair:3   | Found a runed translucent gate.
 13990 | Lair:3   | Noticed PanSaczeczos's ghost (journeyman TeDe)
 13990 | Lair:3   | Noticed Xiemaice's ghost (journeyman DrFE)
 14251 | Lair:3   | Noticed a five-headed hydra
 14260 | Lair:3   | Killed a five-headed hydra
 14934 | Lair:3   | Killed PanSaczeczos's ghost
 14939 | Lair:3   | Killed Xiemaice's ghost
 14940 | Lair:3   | Reached XP level 14. HP: 87/92 MP: 0/0
 14965 | Lair:3   | Identified the ring of Peehyiz {rElec AC+4 SInv}
 15159 | Lair:4   | Found a staircase to the Slime Pits.
 15160 | Lair:4   | Found a viscous altar of Jiyva.
 15266 | Lair:4   | Found a shimmering altar of Xom.
 15834 | Lair:4   | Reached skill level 5 in Armour
 16779 | Lair:5   | Entered Level 5 of the Lair of Beasts
 16785 | Lair:5   | Reached ***** piety under the Shining One
 17654 | Lair:5   | Slain by a death yak

Illustrated notes

Levels and vault maps discovered:
D:1:      roderic_chinese_lattice_arrival, layout_basic, serial_shops,
          nicolae_shop_real_fake_doors
D:2:      layout_basic, basic_altar, hex_large
D:3:      layout_loops_cross, uniq_ijyb
D:4:      layout_gridville, serial_glass, glass_columns_c, glass_columns_b,
          kennysheep_generic_room_14
D:5:      layout_gridville, nicolae_tso_carved_into_rock,
          chequers_temple_overflow_minitemple, hangedman_abyss_or_decor_passed,
          uniq_sigmund
D:6:      layout_rooms, nicolae_hepliaklqana_hippocampus, eino_tiny_chamber,
          grunt_tough_drop, uniq_pikel
D:7:      layout_basic, xom_teletrap_fun, minmay_temple_entry_antechambers,
          uniq_crazy_yiuf_cottage
D:8:      layout_basic, serial_shops, shop, gammafunk_ghost_abyssal_escape
D:9:      layout_stronghold, serial_shops, shop
D:10:     layout_roguey, dpeg_lair_monsters, orc_david_3, uniq_josephine,
          uniq_erolcha, uniq_amaemon
Temple:   nicolae_temple_x_marks_the_god
Lair:1:   layout_cave_pods, chequers_serial_rivers_micro_e,
          grunt_forest_large_clearings, serial_bayou_shore_a, grunt_megastairs_1
Lair:2:   minmay_guarded_unrand_snakebite, layout_cave_shapes,
          palyth_hydra_swamp_entry, nicolae_snake_entry_warm_welcome,
          basic_altar
Lair:3:   layout_cave_pods, gammafunk_ghost_cemetery
Lair:4:   layout_layer_cave, minmay_slime_entry_pillars, lemuel_oklob_altar,
          grunt_megastairs_2
Lair:5:   cheibrodos_lair_end_hotspot, layout_gridlike, hibernation_bobbens

Skill      XL: |  1  2  3  4  5  6  7  8  9 10 11 12 13 14 |
---------------+-------------------------------------------+-----
Fighting       | 1 2 3 4 5 6 |  6.0
Armour         | 1 2 3 4 6 |  6.0
Spellcasting   | 4 5 6 8 9 10 12 14 16 | 16.8
Conjurations   | 4 5 6 8 9 10 12 14 16 | 16.8
Hexes          | 4 5 6 8 9 10 12 14 16 | 16.8
Summonings     | 4 5 6 8 9 10 12 14 16 | 16.8
Necromancy     | 4 5 6 8 9 10 12 14 16 | 16.8
Translocations | 4 5 6 8 9 10 12 14 16 | 16.8
Fire Magic     | 4 5 6 8 9 10 12 14 16 | 16.8
Ice Magic      | 4 5 6 8 9 10 12 14 16 | 16.8
Air Magic      | 4 5 6 8 9 10 12 14 16 | 16.8
Earth Magic    | 4 5 6 8 9 10 12 14 16 | 16.8
Alchemy        | 4 5 6 8 9 10 12 14 16 | 16.8
Stealth        | 2 |  2.0
Dodging        | 3 4 5 7 |  7.6
Shields        | 2 4 5 7 |  7.0

Action                     |  1- 3 |  4- 6 |  7- 9 | 10-12 | 13-15 || total
---------------------------+-------+-------+-------+-------+-------++-------
  Melee: Dagger            |     2 |       |       |       |       ||     2
         Short sword       |     9 |     9 |    11 |     6 |       ||    35
         Trident           |       |       |       |   129 |    14 ||   143
         Staff             |       |       |       |       |     1 ||     1
   Cast: Freeze            |    37 |    39 |    48 |    97 |   113 ||   334
         Kiss of Death     |       |     1 |       |       |       ||     1
         Momentum Strike   |       |     8 |    13 |    17 |     3 ||    41
         Summon Ice Beast  |       |     5 |    23 |    21 |     2 ||    51
         Frozen Ramparts   |       |     2 |    25 |    58 |    45 ||   130
         Ozocubu's Armour  |       |     1 |     6 |    20 |    16 ||    43
         Leda's Liquefacti |       |       |     3 |     6 |     2 ||    11
         Confusing Touch   |       |       |     1 |    10 |     2 ||    13
         Iskenderun's Batt |       |       |       |    14 |    33 ||    47
         Fireball          |       |       |       |       |    75 ||    75
    Use: Scroll            |       |     3 |       |     8 |     3 ||    14
         Potion            |       |     1 |       |     1 |     1 ||     3
   Stab: Sleeping          |     6 |     2 |     2 |       |       ||    10
         Distracted        |       |       |     1 |       |       ||     1
 Armour: Robe              |    13 |    19 |    24 |    66 |    89 ||   211
         Steam dragon scal |       |       |     1 |    56 |       ||    57
  Dodge: Dodged            |    22 |    41 |    44 |   148 |    95 ||   350
  Block: Kite shield       |       |       |       |    96 |    79 ||   175
